 Dungeon Crawl Stone Soup version 0.17.0-24-gcfadda4 (webtiles) character file.

68294 Helmschank the Grappler (level 14, -12/146 HPs)
             Began as a Troll Berserker on Nov 17, 2015.
             Was a High Priest of Trog.
             Mangled by a naga warrior
             ... wielding a +0 long sword
              (22 damage)
             ... on level 1 of the Abyss.
             The game lasted 02:17:10 (21817 turns).

Helmschank the Grappler (Troll Berserker)          Turns: 21817, Time: 02:17:11

Health: -12/146    AC: 13    Str: 28    XL:     14   Next: 86%
Magic:  13/13      EV: 12    Int:  3    God:    Trog [*****.]
Gold:   1496       SH: 12    Dex: 13    Spells: 0 memorised, 13 levels left

rFire  . . .     SeeInvis +       - Unarmed
rCold  . . .     Clarity  .     M - +0 robe
rNeg   . . .     SustAt   .     J - +0 shield
rPois  +         Gourm    +     I - +2 hat {SInv}
rElec  .         Spirit   .     t - +1 cloak
rCorr  .         Warding  .     (gloves unavailable)
rMut   .         Stasis   .     (boots unavailable)
MR     +++..                    (no amulet)
Stlth  +.........               N - +4 ring of protection
                                h - ring of poison resistance

@: lethally poisoned (-12 -> -12), very slightly contaminated, regenerating,
hasted, constricted, very quick, extremely resistant to hostile enchantments,
very unstealthy
A: unfitting armour, claws 3, fast metabolism 3, gourmand, regeneration 2,
shaggy fur 1, tough skin 2
a: Berserk, Trog's Hand, Brothers in Arms, Burn Spellbooks, Renounce Religion


You were on level 1 of the Abyss.
You worshipped Trog.
Trog was extremely pleased with you.
You were very full.

You visited 4 branches of the dungeon, and saw 22 of its levels.
You visited the Abyss 1 time.
You also visited: Sewer and Ossuary.

You collected 1901 gold pieces.
You spent 405 gold pieces at shops.

Inventory:

Hand Weapons
 e - a +0 blowgun
 s - a +2 scimitar of flaming
 w - a +4 giant spiked club
Missiles
 k - 59 poisoned needles
 y - 4 steel javelins
 Q - 5 large rocks (quivered)
 S - 32 tomahawks
Armour
 t - a +1 cloak (worn)
 I - a +2 hat of see invisible (worn)
 J - a +0 shield (worn)
 M - a +0 robe (worn)
Jewellery
 c - an uncursed ring of fire
 h - a ring of poison resistance (left claw)
 m - an uncursed amulet of stasis
 L - an uncursed ring of flight
 N - a +4 ring of protection (right claw)
 W - a +3 ring of evasion
Wands
 q - a wand of cold (8)
 B - a wand of digging (7)
 O - a wand of invisibility (5)
 T - a wand of draining (7)
Scrolls
 a - 8 scrolls of remove curse
 i - 3 scrolls of fear
 p - 4 scrolls of teleportation
 r - a scroll of brand weapon {unknown}
 D - 4 scrolls of recharging
 E - 2 scrolls of identify
 F - 4 scrolls of magic mapping
 K - 3 scrolls of fog
 U - a scroll of enchant weapon
 Z - 3 scrolls of blinking
Potions
 d - a potion of agility
 n - 2 potions of invisibility
 o - a potion of heal wounds
 u - 2 potions of haste
 x - 5 potions of curing
 z - 3 potions of berserk rage
 A - 2 potions of magic
 C - 3 potions of flight
 G - 6 potions of resistance
 R - a potion of cancellation
 V - a potion of might
Comestibles
 b - 12 bread rations
 f - 8 meat rations
 g - 5 slices of pizza
 j - 12 royal jellies
 v - 6 beef jerkies
 P - 32 fruits


   Skills:
 + Level 11.1 Fighting
 - Level 3.0 Long Blades
 - Level 2.1 Maces & Flails
 - Level 8.3 Throwing
 + Level 10.3 Dodging
 - Level 9.0 Shields
 * Level 14.2 Unarmed Combat


You had 13 spell levels left.
You didn't know any spells.

Dungeon Overview and Level Annotations

Branches:
Dungeon (12/15)            Temple (1/1) D:4            Lair (7/8) D:8
 Shoals (0/4) Lair:3       Spider (0/4) Lair:4          Orc (2/4) D:12
  Slime: Lair:6-8

Altars:
Ashenzari
Cheibriados
Dithmenos
Elyvilon
Fedhas
Gozag
Kikubaaqudgha
Makhleb
Nemelex Xobeh
Okawaru
Qazlal
Ru
Sif Muna
Trog
Vehumet
Xom
Yredelemnul
Zin
The Shining One

Shops:
D:9 ?   D:10 *   D:12 [}

Annotations:
D:6 1 runed door
Orc:2 Erolcha, Sonja


Innate Abilities, Weirdness & Mutations

You are too large for most types of armour.
You have claws for hands.
Your metabolism is lightning-fast.
You like to eat raw meat.
You heal very quickly.
You are covered in fur (AC +1).
You have very tough skin (AC +2).


Message History

Drink which item? (? for menu, Esc to quit)
You feel yourself speed up.
The naga warrior hits you but does no damage.
The naga spits poison at you. The splash of poison hits you! You resist.
* * * LOW HITPOINT WARNING * * *
You are very lightly contaminated with residual magic.
Your skin crawls.
You feel resistant to hostile enchantments.
You feel slightly less full.
The naga hits you with a war axe of chopping.
* * * LOW HITPOINT WARNING * * *
x2 The naga warrior hits you with a flail!
* * * LOW HITPOINT WARNING * * *
x2 The naga warrior constricts you.
You claw the guardian serpent!
The guardian serpent is moderately wounded.
You feel sick.
The naga warrior hits you with a long sword!!
You die...

# . . #..##. # .
#...### .. .##
...##.##.. ## .#
#..#.. ..# #.#
#.#.# #.#
.##..####.#
#.......NN#
#..##.#.#@####
#.#.##...#SN..#
...####....N.##.#
### #.####.####
##.#.......#
#........≈.#
...#..≈.≈..# #. #
.≈≈.≈.. ##
#..≈#≈...#


You could see 2 naga warriors, a guardian serpent and 2 nagas.

Vanquished Creatures
  A tentacled starspawn (Abyss:1)
  Kirke (Lair:7)
  The ghost of stevs the Brawler, a journeyman TrEn of Dithmenos (Lair:6)
  7 hydras
  Erica (D:9)
  The ghost of Phlounder the Unseen, a journeyman SpSu of Ru (Lair:6)
  2 death yaks (Lair:7)
  A queen ant (Lair:6)
  A thrashing horror (Abyss:1)
  A wretched star (Abyss:1)
  3 hill giants
  4 unseen horrors
  An orc knight (Orc:2)
  The ghost of lakren the Martial Artist, a novice DsGl of Qazlal (D:8)
  A wolf spider (Lair:4)
  3 ugly things
  A fire giant zombie (Abyss:1)
  9 elephants
  Psyche (D:9)
  An orange demon (Abyss:1)
  13 spiny frogs
  A gargoyle (D:10)
  The ghost of jw the Sneak, a novice OpBe of Trog (Sewer)
  An ancient zyme (Abyss:1)
  5 black mambas
  4 fire drakes
  3 starcursed masses (Abyss:1)
  8 komodo dragons
  A kobold demonologist (D:11)
  A polar bear (Lair:7)
  9 slime creatures (D:12)
  4 trolls
  Prince Ribbit (D:5)
  A two-headed ogre (D:11)
  A boulder beetle (Lair:6)
  A raiju (Abyss:1)
  12 blink frogs
  A trapdoor spider (D:12)
  A shadow (Abyss:1)
  3 wyverns
  A flying skull (Abyss:1)
  35 yaks
  2 redbacks (Lair:4)
  A large abomination (Abyss:1)
  A chaos spawn (Abyss:1)
  13 hippogriffs
  A hungry ghost (D:12)
  4 hogs (Lair:7)
  3 basilisks
  4 vampire mosquitoes (D:12)
  15 soldier ants
  9 wolves
  4 sky beasts
  14 water moccasins
  7 ice beasts
  3 spiders
  13 porcupines
  3 black bears
  The ghost of benny685 the Shield-Bearer, an amateur MiFi of Elyvilon (D:4)
  2 wasps
  9 orc warriors
  2 eyes of draining (D:9)
  3 centaurs
  2 phantoms
  13 crocodiles
  8 ogres
  A brain worm (D:8)
  Blork the orc (D:4)
  18 giant frogs
  4 big kobolds
  3 gnoll sergeants (D:12)
  7 scorpions
  2 small abominations (Abyss:1)
  A wyvern skeleton (D:11)
  A water moccasin skeleton (D:5)
  11 killer bees
  5 wights (D:6)
  An electric eel (Lair:1)
  2 giant frog zombies
  6 crimson imps
  4 centaur zombies
  3 quasits
  4 jellies
  The ghost of gw the Vexing, a weakling SpAM (D:3)
  5 giant frog skeletons
  6 orc priests
  7 hounds
  15 orc wizards
  6 iguanas
  58 worker ants
  2 big kobold zombies (Ossuary)
  6 sheep (Lair:5)
  A hound skeleton (D:10)
  4 mummies
  4 worker ant zombies
  2 gnolls (D:12)
  16 adders
  57 river rats
  12 white imps (Lair:1)
  3 shadow imps
  An ufetubus (Abyss:1)
  2 adder zombies
  2 oozes (D:1)
  3 adder skeletons
  2 worms
  3 giant geckos
  88 orcs
  13 giant cockroaches
  8 hobgoblins
  5 jackals
  13 kobolds
  4 quokkas
  A ball python (D:2)
  3 bats (D:2)
  A giant gecko skeleton (D:7)
  6 giant newts
  A gnoll zombie (Ossuary)
  7 goblins
  2 goblin zombies (Ossuary)
  3 hobgoblin zombies
  5 kobold zombies (Ossuary)
  An orc zombie (D:6)
  2 quokka skeletons
  5 quokka zombies
  7 rats
  A rat zombie (Ossuary)
  2 bushes (Lair:7)
  A butterfly (D:4)
  A fungus (Lair:3)
  3 plants
762 creatures vanquished.

Vanquished Creatures (collateral kills)
  Nessos (Lair:7)
  A mottled draconian (Abyss:1)
  An apocalypse crab (Abyss:1)
  A large abomination (Abyss:1)
4 creatures vanquished.

Vanquished Creatures (others)
  A human (Lair:7)
  15 fungi
  10 plants
  4 starspawn tentacles (Abyss:1)
  A starspawn tentacle segment (Abyss:1)
31 creatures vanquished.

Grand Total: 797 creatures vanquished

Notes
Turn   | Place    | Note
--------------------------------------------------------------
     0 | D:1      | Helmschank the Troll Berserker began the quest for the Orb.
     0 | D:1      | Reached XP level 1. HP: 22/22 MP: 0/0
   236 | D:1      | Reached XP level 2. HP: 29/29 MP: 1/1
   354 | D:1      | Reached skill level 4 in Unarmed Combat
   722 | D:2      | Reached XP level 3. HP: 33/36 MP: 2/2
   753 | D:2      | Reached ** piety under Trog
  1504 | D:2      | Reached XP level 4. HP: 44/44 MP: 3/3
  1692 | D:3      | Found a snail-covered altar of Cheibriados.
  1699 | D:3      | Reached skill level 1 in Shields
  1699 | D:3      | Reached skill level 5 in Unarmed Combat
  1844 | D:3      | Noticed gw's ghost (weakling SpAM)
  1862 | D:3      | Killed gw's ghost
  1862 | D:3      | Reached XP level 5. HP: 50/50 MP: 4/4
  2342 | D:4      | Reached XP level 6. HP: 41/59 MP: 5/5
  2379 | D:4      | Found a stormy altar of Qazlal.
  2381 | D:4      | Found a blossoming altar of Fedhas.
  2408 | D:4      | Noticed benny685's ghost (amateur MiFi)
  2435 | D:4      | Killed benny685's ghost
  2435 | D:4      | Reached skill level 6 in Unarmed Combat
  2586 | D:4      | Noticed an ice beast
  2591 | D:4      | Killed an ice beast
  2591 | D:4      | Reached XP level 7. HP: 50/66 MP: 6/6
  2788 | D:4      | Reached *** piety under Trog
  2793 | D:4      | Found a staircase to the Ecumenical Temple.
  2803 | Temple   | Entered the Ecumenical Temple
  2880 | D:4      | Noticed Blork the orc
  2891 | D:4      | Killed Blork the orc
  3157 | D:5      | Entered Level 5 of the Dungeon
  3324 | D:5      | Noticed Prince Ribbit
  3552 | D:5      | Reached XP level 8. HP: 41/74 MP: 7/7
  3624 | D:5      | Reached skill level 5 in Shields
  3725 | D:5      | Found an iron altar of Okawaru.
  3726 | D:5      | Found a bloodstained altar of Trog.
  4052 | D:6      | Found a sand-covered staircase.
  4058 | Ossuary  | Entered an ossuary
  4416 | D:6      | Found a shimmering altar of Xom.
  4418 | D:6      | Found a glowing silver altar of Zin.
  4419 | D:6      | Found a sacrificial altar of Ru.
  4439 | D:6      | Reached skill level 5 in Dodging
  4563 | D:6      | Found an ancient bone altar of Kikubaaqudgha.
  4662 | D:6      | Found a glowing drain.
  4670 | Sewer    | Entered a sewer
  4671 | Sewer    | Noticed jw's ghost (novice OpBe)
  4684 | Sewer    | Killed jw's ghost
  4684 | Sewer    | Reached XP level 9. HP: 84/84 MP: 8/8
  4846 | D:6      | Reached **** piety under Trog
  4891 | D:6      | Found a runed door.
  4909 | D:6      | Found a runed door.
  4934 | D:6      | Reached skill level 1 in Throwing
  5412 | D:6      | Reached skill level 7 in Unarmed Combat
  5732 | D:5      | Killed Prince Ribbit
  5801 | D:7      | Reached skill level 5 in Fighting
  5898 | D:7      | Found a shadowy altar of Dithmenos.
  6410 | D:7      | Found a basalt altar of Yredelemnul.
  6413 | D:7      | Noticed a profane servitor
  6477 | D:7      | Found a glowing golden altar of the Shining One.
  6479 | D:7      | Noticed an angel
  6639 | D:7      | Reached XP level 10. HP: 96/98 MP: 9/9
  6829 | D:8      | Reached ***** piety under Trog
  7178 | D:8      | Noticed lakren's ghost (novice DsGl)
  7193 | D:8      | Killed lakren's ghost
  7710 | D:8      | Found a staircase to the Lair.
  7928 | Lair:1   | Entered Level 1 of the Lair of Beasts
  8049 | Lair:1   | You fall through a shaft!
  8072 | Lair:2   | Reached skill level 5 in Throwing
  8080 | Lair:2   | Reached skill level 8 in Shields
  8153 | Lair:1   | Noticed a black mamba
  8160 | Lair:1   | Killed a black mamba
  8405 | Lair:1   | Reached XP level 11. HP: 76/109 MP: 10/10
  8556 | Lair:1   | Found a frozen archway.
  9004 | Lair:2   | Noticed a five-headed hydra
  9261 | Lair:2   | Reached skill level 1 in Maces & Flails
  9527 | Lair:2   | Noticed an elephant
  9538 | Lair:2   | Killed an elephant
  9881 | Lair:2   | Killed a nine-headed hydra
 10064 | Lair:2   | Noticed an elephant
 10065 | Lair:2   | Noticed an elephant
 10075 | Lair:2   | Killed an elephant
 10082 | Lair:2   | Killed an elephant
 10082 | Lair:2   | Received a gift from Trog
 10082 | Lair:2   | Reached skill level 9 in Shields
 10201 | Lair:3   | Found a staircase to the Shoals.
 10488 | Lair:3   | Noticed a six-headed hydra
 10504 | Lair:3   | Killed a six-headed hydra
 11146 | Lair:4   | Noticed a six-headed hydra
 11157 | Lair:4   | Killed a six-headed hydra
 11407 | Lair:4   | Reached XP level 12. HP: 120/120 MP: 11/11
 11419 | Lair:4   | Noticed a seven-headed hydra
 11430 | Lair:4   | Killed a seven-headed hydra
 11962 | Lair:4   | Noticed an eight-headed hydra
 12024 | Lair:4   | Killed an eight-headed hydra
 12154 | Lair:4   | Found a hole to the Spider Nest.
 12231 | Lair:4   | Received a gift from Trog
 12755 | Lair:5   | Reached skill level 10 in Unarmed Combat
 13031 | Lair:5   | Received a gift from Trog
 13930 | Lair:6   | Noticed stevs's ghost (journeyman TrEn)
 14011 | Lair:6   | Killed stevs's ghost
 14011 | Lair:6   | Reached skill level 11 in Unarmed Combat
 14147 | Lair:6   | Reached XP level 13. HP: 125/131 MP: 12/12
 14434 | Lair:6   | Received a gift from Trog
 14567 | Lair:6   | Reached ****** piety under Trog
 14862 | Lair:6   | Received a gift from Trog
 15203 | Lair:6   | Noticed Phlounder's ghost (journeyman SpSu)
 15422 | Lair:6   | Killed Phlounder's ghost
 15618 | Lair:7   | Noticed Nessos
 15636 | Lair:7   | Killed Nessos
 15852 | Lair:7   | Reached skill level 12 in Unarmed Combat
 16109 | Lair:7   | Noticed Kirke
 16146 | Lair:7   | Killed Kirke
 16244 | Lair:7   | Received a gift from Trog
 16534 | Lair:7   | Reached skill level 10 in Fighting
 16801 | Lair:7   | Reached skill level 13 in Unarmed Combat
 17179 | D:9      | Found a shattered altar of Ashenzari.
 17225 | D:9      | Noticed Psyche
 17231 | D:9      | Killed Psyche
 17400 | D:9      | Reached XP level 14. HP: 143/143 MP: 13/13
 17406 | D:9      | Found Majot's Magic Scroll Shoppe.
 17440 | D:9      | Bought a scroll of identify for 20 gold pieces
 17440 | D:9      | Bought a scroll of identify for 20 gold pieces
 17440 | D:9      | Bought a scroll of identify for 20 gold pieces
 17440 | D:9      | Bought a scroll of identify for 20 gold pieces
 17455 | D:9      | Noticed Erica
 17457 | D:9      | Killed Erica
 17603 | D:9      | Received a gift from Trog
 18123 | D:10     | Entered Level 10 of the Dungeon
 18131 | D:9      | Reached skill level 1 in Long Blades
 18188 | D:10     | Received a gift from Trog
 18516 | D:10     | Found Hidyom's General Store.
 18550 | D:10     | Bought a scroll of blinking for 75 gold pieces
 18550 | D:10     | Bought 2 scrolls of blinking for 150 gold pieces
 18550 | D:10     | Bought a potion of resistance for 100 gold pieces
 19559 | D:12     | Found Limutunagh's Antique Armour Boutique.
 19846 | D:12     | Received a gift from Trog
 20133 | D:12     | Found an iron altar of Okawaru.
 20293 | D:12     | Found Vaxketro's Gadget Emporium.
 20372 | D:12     | Found a staircase to the Orcish Mines.
 20407 | D:12     | Received a gift from Trog
 20991 | Orc:1    | Entered Level 1 of the Orcish Mines
 21007 | Orc:1    | Reached skill level 10 in Dodging
 21065 | Orc:1    | Received a gift from Trog
 21072 | Orc:1    | Got a fine short sword {god gift}
 21080 | Orc:1    | Identified the +2 short sword of the Living Dead {drain, rC- MR+ Int+7} (Trog gifted it to you on level 1 of the Orcish Mines)
 21313 | Orc:2    | Noticed Sonja
 21327 | Orc:2    | Noticed Erolcha
 21435 | Orc:2    | Cast into the Abyss (Erolcha)
 21507 | Abyss:1  | Found a corrupted altar of Lugonu.
 21670 | Abyss:1  | Noticed a tentacled starspawn
 21678 | Abyss:1  | Killed a tentacled starspawn
 21678 | Abyss:1  | Reached skill level 14 in Unarmed Combat
 21817 | Abyss:1  | Mangled by a naga warrior

Action                   |  1- 3 |  4- 6 |  7- 9 | 10-12 | 13-15 || total
-------------------------+-------+-------+-------+-------+-------++-------
Melee: Unarmed           |    91 |   109 |   476 |   741 |  1189 ||  2606
       Giant spiked club |       |       |       |    24 |       ||    24
       Morningstar       |       |       |       |       |     6 ||     6
 Fire: Blowgun           |       |       |       |       |     8 ||     8
Throw: Javelin           |    20 |    17 |    50 |   181 |    26 ||   294
       Tomahawk          |       |       |     3 |    38 |    29 ||    70
       Large rock        |       |       |       |       |    60 ||    60
Invok: Berserk           |       |       |     2 |     9 |     6 ||    17
       Trog's Hand       |       |       |     1 |     7 |     8 ||    16
       Brothers in Arms  |       |       |       |       |     2 ||     2
  Use: Scroll            |       |       |    19 |    13 |     8 ||    40
       Potion            |       |       |     2 |     2 |     2 ||     6
 Stab: Distracted        |       |       |     1 |       |       ||     1
       Sleeping          |       |       |     2 |       |     3 ||     5
  Eat: Chunk             |    19 |    10 |    38 |    80 |    75 ||   222
       Pizza             |       |       |     1 |       |       ||     1
       Royal jelly       |       |       |       |       |     3 ||     3
